 Dungeon Crawl Stone Soup version 0.17.0-73-gb648821 (webtiles) character file.

179 ventricule the Grave Robber (level 5, -1/24 HPs)
             Began as a Vine Stalker Necromancer on Dec 9, 2015.
             Succumbed to an adder's poison
             ... on level 3 of the Dungeon.
             The game lasted 00:11:42 (2403 turns).

ventricule the Grave Robber (VSNe)                  Turns: 2403, Time: 00:11:42

Health: -1/24      AC:  3    Str: 11      XL:     5   Next: 59%
Magic:  0/11       EV: 12    Int: 15      God:
Gold:   79         SH:  0    Dex: 10 (15) Spells: 4 memorised, 2 levels left

rFire  . . .     SeeInvis .     k - +1 falchion
rCold  . . .     Clarity  .     a - +1 robe
rNeg   . . .     SustAt   .     (no shield)
rPois  .         Gourm    .     (no helmet)
rElec  .         Spirit   +     (no cloak)
rCorr  .         Warding  .     (no gloves)
rMut   .         Stasis   .     (no boots)
MR     .....                    (no amulet)
Stlth  ++........               (no ring)
                                (no ring)

@: lethally poisoned (-1 -> -14), flying, very slightly contaminated, not
resistant to hostile enchantments, unstealthy
A: fangs 2, regeneration 1, magic shield, antimagic bite, no device heal 3, rot
immunity
a: no special abilities


You were on level 3 of the Dungeon.
You were not hungry.

You visited 1 branch of the dungeon, and saw 3 of its levels.

You collected 79 gold pieces.


Innate Abilities, Weirdness & Mutations

You have extremely sharp teeth.
Your natural rate of healing is unusually fast.
When hurt, damage is shared between your health and your magic reserves.
Your bite disrupts and absorbs the magic of your enemies.
Potions and wands cannot restore your health.
You are immune to rotting.


   Skills:
 + Level 2.7 Long Blades
 - Level 1.5 Dodging
 - Level 2.4 Stealth
 - Level 3.4 Spellcasting
 - Level 5.0 Necromancy


You had 2 spell levels left.
You knew the following spells:

 Your Spells              Type           Power        Failure   Level  Hunger
g - Regeneration          Chrm/Necr      ##........   24%         3    ###....
x - Vampiric Draining     Necr           ###.......   10%         3    ###....
z - Pain                  Necr           ###.         2%          1    None
Z - Animate Skeleton      Necr           N/A          2%          1    None

Inventory:

Hand Weapons
 f - a +0 short sword
 k - a +1 falchion (weapon)
Armour
 a - a +1 robe (worn)
Scrolls
 d - a scroll of enchant armour
 m - a scroll of enchant weapon
 o - a scroll of recharging
Potions
 j - a potion of poison {!q}
 l - a potion of agility
Books
 b - a book of Necromancy

   Spells                             Type                      Level
   a - Pain                           Necromancy                   1
   b - Animate Skeleton               Necromancy                   1
   c - Vampiric Draining              Necromancy                   3
   d - Regeneration                   Charms/Necromancy            3
   e - Animate Dead                   Necromancy                   4
   f - Control Undead                 Necromancy                   4
Comestibles
 c - 2 bread rations
 h - a meat ration
 p - 2 chunks of flesh

Dungeon Overview and Level Annotations

Branches:
Dungeon (3/15)

Altars:

Annotations:
D:2 Robin, Terence

...................#.......>....▒
▒▒▒...................▒▒▒▒.▒.>.▒▒
..▒▒...............▒▒▒▒ ▒......▒
...▒..............▒▒ ▒▒▒▒.......
▒..▒.......▒.....▒▒ ▒▒..........
..▒▒......▒▒▒▒▒..▒ ▒...........
.▒▒............▒.▒▒▒▒▒...........
........▒▒▒▒▒▒...................
..▒▒.▒..........f................
▒▒▒......▒▒▒▒▒▒▒S▒▒.............▒
....▒▒....▒▒▒▒▒▒.▒......▒...<(..▒
▒▒▒▒▒▒.................▒▒▒▒▒..▒▒▒
▒▒▒▒▒...............S..▒▒........
.[......▒......▒.▒▒..............
.▒▒▒▒▒.▒▒.▒..▒...▒▒..............
..o....▒▒......▒▒▒▒....▒▒▒▒▒.▒▒▒▒
........▒......▒ ░▒......)..▒▒▒▒


You could see an adder.


Message History

You closely miss the adder. Your bite misses the adder.
The adder is heavily wounded.
You feel sick. The adder misses you.
You closely miss the adder.
The adder is heavily wounded.
You feel sick. The adder barely misses you. The adder bites you.
* * * LOW HITPOINT WARNING * * *
Drink which item? (? for menu, Esc to quit)
It was a potion of flight.
You feel very buoyant.
You fly up into the air.
* * * LOW HITPOINT WARNING * * *
You feel sick. The adder closely misses you.
You hit the adder.
The adder is almost dead.
* * * LOW HITPOINT WARNING * * *
You feel sick. The adder barely misses you.
You closely miss the adder.
The adder is almost dead.
* * * LOW HITPOINT WARNING * * *
You feel sick. The adder bites you.
* * * LOW HITPOINT WARNING * * *
You are more poisoned.
The adder poisons you! The adder bites you.
* * * LOW HITPOINT WARNING * * *
You are more poisoned.
The adder poisons you!
You closely miss the adder.
The adder is almost dead.
You die...

Action                   |  1- 3 |  4- 6 || total
-------------------------+-------+-------++-------
Melee: Unarmed           |    10 |       ||    10
       Falchion          |     8 |    49 ||    57
 Cast: Pain              |    78 |    10 ||    88
       Animate Skeleton  |     5 |       ||     5
       Vampiric Draining |     1 |     3 ||     4
  Use: Scroll            |     5 |     5 ||    10
       Potion            |       |     1 ||     1
 Stab: Sleeping          |       |     2 ||     2
  Eat: Chunk             |     5 |     1 ||     6

Vault maps used:
D:1:      lightli_arrival_quake
D:2:      lemuel_upstairs_altar, uniq_terence, uniq_robin
D:3:      minmay_close_crescents, uniq_jessica, uniq_natasha

Notes
Turn   | Place    | Note
--------------------------------------------------------------
     0 | D:1      | ventricule the Vine Stalker Necromancer began the quest for the Orb.
     0 | D:1      | Reached XP level 1. HP: 9/9 MP: 4/4
     2 | D:1      | Learned a level 1 spell: Animate Skeleton
   198 | D:1      | Reached XP level 2. HP: 13/13 MP: 0/6
   699 | D:1      | Reached XP level 3. HP: 13/16 MP: 3/7
  1136 | D:2      | Reached skill level 5 in Necromancy
  1146 | D:2      | Learned a level 3 spell: Vampiric Draining
  1767 | D:2      | Noticed Terence
  1808 | D:2      | Noticed Robin
  2008 | D:3      | Reached skill level 3 in Spellcasting
  2008 | D:3      | Reached XP level 4. HP: 9/21 MP: 0/10
  2013 | D:3      | Learned a level 3 spell: Regeneration
  2158 | D:3      | Noticed Jessica
  2167 | D:3      | Killed Jessica
  2167 | D:3      | Reached skill level 1 in Long Blades
  2239 | D:3      | Reached XP level 5. HP: 20/24 MP: 5/11
  2250 | D:3      | Reached skill level 2 in Long Blades
  2402 | D:3      | HP: 1/24 [adder (2)]
  2403 | D:3      | Succumbed to an adder's poison

Vanquished Creatures
  A quasit (D:3)
  An orc wizard (D:3)
  Jessica (D:3)
  A worker ant (D:3)
  An adder (D:2)
  An ooze (D:1)
  4 giant geckos
  4 orcs (D:3)
  3 bats
  2 giant cockroaches (D:3)
  8 hobgoblins
  3 kobolds
  6 giant newts
  8 goblins
  2 jackals (D:2)
  4 rats
50 creatures vanquished.

Vanquished Creatures (collateral kills)
  A bat (D:1)
  A giant cockroach (D:1)
2 creatures vanquished.

Grand Total: 52 creatures vanquished
